AoeStats
← THL

Arabia

507413004Analyzed
1v1 RM · 14d ago on Sep 18, 2026· 65m 44s· 2 players
Game mode
Random Map
Map size
Tiny (2 player)
Population
200
Speed
Normal
Resources
Standard
Victory
Conquest
Starting age
Dark Age
Ending age
Imperial Age
RankedLock teamsTeams togetherTeam positionsShared explorationLock speedFull tech treeHidden civsTurbo modeCheats
Victory
Defeat
🇲🇽 Tatars · Mexico
1748
+18
🇻🇳 Tatars · Vietnam
1786
-18
ELEG | Huitzilopochtli
5:34 Loom
8:52 Feudal Age
9:23 Double-Bit Axe
9:22 Horse Collar
17:26 Scale Barding Armor
17:45 Bloodlines
22:11 Castle Age
21:02 Fletching
21:13 Padded Archer Armor
22:02 Gold Mining
23:01 Husbandry
22:56 Bodkin Arrow
23:25 Bow Saw
27:57 Leather Archer Armor
29:24 Ballistics
29:50 Light Cavalry
32:30 Wheelbarrow
33:04 Chain Barding Armor
34:51 Hand Cart
39:17 Imperial Age
38:19 Silk Armor
39:29 Town Watch
40:01 Bracer
40:32 Ring Archer Armor
42:40 Chemistry
43:16 Crossbowman
43:36 Hussar
43:58 Heavy Camel Rider
44:30 Heavy Cavalry Archer
48:27 Plate Barding Armor
48:03 Forging
62:01 Elite Skirmisher
63:17 Iron Casting
66:14 Blast Furnace
THL
6:51 Loom
9:08 Feudal Age
15:58 Fletching
21:48 Castle Age
20:14 Gold Mining
20:05 Horse Collar
21:25 Bloodlines
21:08 Double-Bit Axe
21:59 Crossbowman
22:37 Bodkin Arrow
23:17 Bow Saw
24:19 Padded Archer Armor
26:02 Leather Archer Armor
25:31 Elite Skirmisher
29:32 Ballistics
33:34 Wheelbarrow
39:04 Imperial Age
37:01 Bloodlines
38:00 Husbandry
38:59 Gold Shaft Mining
39:47 Bracer
40:48 Chemistry
40:04 Silk Armor
40:25 Conscription
40:19 Heavy Cavalry Archer
41:43 Ring Archer Armor
45:13 Scale Barding Armor
45:19 Forging
44:30 Light Cavalry
46:46 Hand Cart
46:02 Heavy Camel Rider
47:04 Chain Barding Armor
47:21 Iron Casting
49:56 Plate Barding Armor
50:35 Blast Furnace
50:49 Hussar
54:41 Heavy Plow
Connection lost

Rejoining the realm…

Still unreachable

The connection could not be restored.

Session expired

The server has moved on; the page needs a fresh start.